 Dungeon Crawl Stone Soup version 0.14-a0-226-gcf818b1 (webtiles) character file.

3085 4tharraofdagon the Scribe (level 9, -13/57 HPs)
             Began as a Demonspawn Fire Elementalist on Oct 10, 2013.
             Was a Priest of Sif Muna.
             Mangled by a hill giant
             ... wielding a +0,+0 giant club
              (39 damage)
             ... on Level 10 of the Dungeon.
             The game lasted 00:29:34 (3344 turns).

4tharraofdagon the Scribe (DsFE)                    Turns: 3344, Time: 00:29:34

HP -13/57        AC  6     Str  9      XL: 9   Next: 51%
MP   5/22        EV 12     Int 20      God: Sif Muna [***...]
Gold 137         SH  0     Dex 13      Spells:  4 memorised,  5 levels left

Res.Fire  : + . .   See Invis. : .   f - staff of fire
Res.Cold  : . . .   Warding    : .   t - +2 elf robe {rN+}
Life Prot.: + . .   Conserve   : .   (no shield)
Res.Poison: .       Res.Corr.  : .   (no helmet)
Res.Elec. : .       Clarity    : .   i - +0 cloak
Sust.Abil.: . .     Spirit.Shd : .   (no gloves)
Res.Mut.  : .       Stasis     : .   (no boots)
Res.Rott. : .       Flight     : .   (no amulet)
Saprovore : . . .                    (no ring)
                                     e - ring of regeneration

@: very slightly contaminated, slightly resistant to hostile enchantments,
unstealthy
A: hooves 2, demonic guardian 1, spiny 2, AC +1
a: Channel Energy, Forget Spell, Renounce Religion


You were on level 10 of the Dungeon.
You worshipped Sif Muna.
Sif Muna was most pleased with you.
You were hungry.

You visited 2 branches of the dungeon, and saw 12 of its levels.

You collected 279 gold pieces.
You spent 162 gold pieces at shops.

Inventory:

Hand weapons
 d - a +2,+0 mace
 k - a +3,+2 elven trident of protection
 o - a +0,+1 orcish flail
Missiles
 h - 7 silver darts (quivered)
 r - 15 tomahawks
Armour
 i - a +0 cloak (worn)
 t - a +2 elven robe of positive energy (worn)
 u - a +0 orcish leather armour of cold resistance
 x - a +0 troll hide
Comestibles
 a - a sausage
 c - 4 bread rations
 p - a meat ration
 q - 4 chunks of hippogriff flesh
Scrolls
 g - 3 scrolls of teleportation
 j - a scroll of noise
 l - a scroll of enchant weapon II
 m - 7 scrolls of remove curse
 D - a scroll of recharging
 E - a scroll of curse weapon
Jewellery
 e - a ring of regeneration (left hand)
Potions
 n - 2 potions of curing
 v - 2 potions of restore abilities
 w - a potion of resistance
 B - 2 potions of flight
Books
 b - a book of Flames

   Spells                             Type                      Level
   *Flame Tongue                      Conjuration/Fire             1
   Throw Flame                        Conjuration/Fire             2
   *Conjure Flame                     Conjuration/Fire             3
   Inner Flame                        Hexes/Fire                   3
   *Sticky Flame                      Conjuration/Fire             4
   *Fireball                          Conjuration/Fire             5
Magical staves
 f - an uncursed staff of fire (weapon)
Miscellaneous
 s - an ornate deck of war
 y - a plain deck of changes


   Skills:
 - Level 1.7 Dodging
 - Level 1.7 Stealth
 + Level 5.2 Spellcasting
 + Level 6.6 Conjurations
 + Level 6.6 Fire Magic
 * Level 9.6 Invocations


You had 5 spell levels left.
You knew the following spells:

 Your Spells              Type           Power        Failure   Level  Hunger
a - Flame Tongue          Conj/Fire      #####        1%          1    None
b - Conjure Flame         Conj/Fire      #####...     2%          3    ##.....
c - Sticky Flame          Conj/Fire      #####...     10%         4    ####...
d - Fireball              Conj/Fire      #####.....   24%         5    #####..


Dungeon Overview and Level Annotations

Branches:
Dungeon (11/27)            Temple (1/1) D:4
    Orc: D:6-11        Lair: D:8-13

Altars:
Ashenzari
Elyvilon
Fedhas
Makhleb
Nemelex Xobeh
Sif Muna
Trog
Vehumet
Xom
Zin

Shops:
D:6 %   D:8 ?


Innate Abilities, Weirdness & Mutations

You have hoof-like feet.
You are partially covered in icy blue scales (AC +1).
A weak demonic guardian rushes to your aid.
You are mostly covered in sharp spines.


Message History

Unknown command.
Casting: Sticky Flame
Confirm with . or Enter, or press ? or * to list all spells.
Aiming: Sticky Flame
Press: ? - help, Shift-Dir - straight line, f/p - hill giant
Aim: a hill giant, wielding a giant club (grey smoke, almost dead)
You feel a surge of power!
You miscast Sticky Flame.
You feel a strange surge of energy!
The hill giant hits you with a giant club!
* * * LOW HITPOINT WARNING * * *
Unknown command.
Unknown command.
Drink which item? (? for menu, Esc to quit)
You feel much better.
The hill giant hits you with a giant club!
Use which ability? (? or * to list)
You channel some magical energy.
You feel somewhat more hungry.
The hill giant hits you with a giant club!
Ouch! That really hurt!
You die...

##...............#
##..###.........#
#..##............
##..<.............
#.?...(####.......
#....### #...####
##§.### ...##
...####§§## #...#
#....§§C@# #..##
#....§§§§# .
....?.§§§§
...........
...........
.....###..# ...#
#.# .# .#


You could see a hill giant.

Vanquished Creatures
  Pikel (D:5)
  A hippogriff (D:10)
  A hungry ghost (D:9)
  Edmund (D:7)
  A manticore (D:9)
  An ogre (D:8)
  2 orc warriors (D:9)
  A slave (D:5)
  A sky beast (D:10)
  A centaur (D:7)
  Sigmund (D:5)
  3 giant frogs (D:7)
  A cyclops skeleton (D:8)
  A troll skeleton (D:10)
  A crimson imp (D:5)
  A goliath beetle (D:9)
  2 hounds
  A water moccasin zombie (D:7)
  5 iguanas
  3 orc wizards
  5 orc priests
  A jelly (D:8)
  2 worker ants
  3 scorpions
  A mottled dragon zombie (D:8)
  A hound skeleton (D:4)
  3 adders
  4 gnolls (D:7)
  A giant mite (D:7)
  3 worms
  A giant eyeball (D:7)
  3 giant geckos
  15 orcs
  A bat skeleton (D:6)
  3 giant cockroaches
  7 hobgoblins
  3 quokkas
  6 bats
  A giant gecko zombie (D:7)
  A giant newt (D:4)
  7 goblins
  A hobgoblin zombie (D:7)
  6 jackals
  4 kobolds
  An orc skeleton (D:6)
  12 rats
126 creatures vanquished.

Vanquished Creatures (collateral kills)
  A troll (D:9)
  A hill giant zombie (D:8)
  A black bear (D:10)
  A giant frog (D:6)
  An adder (D:5)
  An orc (D:5)
  A bat (D:4)
7 creatures vanquished.

Vanquished Creatures (others)
  3 crimson imps
  3 iron imps
  5 lemures
  8 white imps
  7 ufetubi
26 creatures vanquished.

Grand Total: 159 creatures vanquished

Notes
Turn   | Place    | Note
--------------------------------------------------------------
     0 | D:1      | 4tharraofdagon, the Demonspawn Fire Elementalist, began the quest for the Orb.
     0 | D:1      | Reached XP level 1. HP: 13/13 MP: 3/3
    97 | D:2      | Gained mutation: You have large cloven feet. [demonic ancestry]
    97 | D:2      | Reached XP level 2. HP: 19/19 MP: 4/4
   123 | D:1      | Reached skill level 3 in Fire Magic
   192 | D:2      | Noticed a crimson imp
   203 | D:2      | JacquesDerrida: b-but ogre stronk...
   254 | D:2      | 4tharraofdagon: me knows,just need maighti combo,lets try this,ok?
   477 | D:2      | Zxkuqyb: early game is so tedious..
   523 | D:3      | Reached XP level 3. HP: 16/24 MP: 1/6
   528 | D:3      | Learned a level 3 spell: Conjure Flame
   623 | D:3      | Gained mutation: You have hoof-like feet. [demonic ancestry]
   623 | D:3      | Reached XP level 4. HP: 27/30 MP: 4/7
   871 | D:4      | Found a staircase to the Ecumenical Temple.
   887 | Temple   | Entered the Ecumenical Temple
   888 | Temple   | JacquesDerrida: it better not be cursed cloak!
   888 | Temple   | 4tharraofdagon: what gawd better
   888 | Temple   | 4tharraofdagon: +3invo
   888 | Temple   | 4tharraofdagon: but vehu always beckons me no matter what
   888 | Temple   | JacquesDerrida: default sif muna
   891 | Temple   | JacquesDerrida: invo tries to say something
   891 | Temple   | JacquesDerrida: +3
   891 | Temple   | Became a worshipper of Sif Muna the Loreminder
   955 | D:4      | Gained mutation: A weak demonic guardian rushes to your aid. [demonic ancestry]
   955 | D:4      | Reached XP level 5. HP: 26/35 MP: 0/9
   961 | D:4      | JacquesDerrida: noice
  1035 | D:4      | JacquesDerrida: D:
  1035 | D:4      | 4tharraofdagon: :D
  1102 | D:4      | Learned a level 4 spell: Sticky Flame
  1182 | D:5      | Entered Level 5 of the Dungeon
  1203 | D:4      | Reached skill level 4 in Fire Magic
  1216 | D:4      | 4tharraofdagon: besides guardians would steal my veh kills
  1363 | D:4      | Found a sparkling altar of Nemelex Xobeh.
  1435 | D:4      | JacquesDerrida: doesn't he 'appreciates your collateral kill'?
  1437 | D:5      | 4tharraofdagon: nope
  1443 | D:6      | Found a burning altar of Makhleb.
  1447 | D:6      | Gained mutation: You are partially covered in sharp spines. [demonic ancestry]
  1447 | D:6      | Reached XP level 6. HP: 41/41 MP: 7/12
  1448 | D:6      | JacquesDerrida: he used to be in favor of summoners,,,
  1475 | D:6      | JacquesDerrida: not cool
  1535 | D:6      | Found Wiazxo's Food Shoppe.
  1547 | D:6      | Acquired Sif Muna's first power
  1633 | D:5      | Noticed Sigmund
  1642 | D:5      | JacquesDerrida: D:
  1647 | D:5      | Turgon: Wow, DsFE and demonic guardian - like me!
  1648 | D:5      | Killed Sigmund
  1648 | D:5      | Reached skill level 1 in Invocations
  1681 | D:5      | Found a shattered altar of Ashenzari.
  1703 | D:5      | Noticed a slave
  1704 | D:5      | 4tharraofdagon: i stole this combo from you
  1704 | D:5      | 4tharraofdagon: sry
  1712 | D:5      | Turgon: Thanks
  1715 | D:5      | Turgon: :-)
  1717 | D:5      | Killed a slave
  1740 | D:5      | JacquesDerrida: you are like two dowans
  1740 | D:5      | Noticed Pikel
  1740 | D:5      | Noticed a slave
  1740 | D:5      | Noticed a slave
  1740 | D:5      | Noticed a slave
  1742 | D:5      | Turgon: Not sure if it is a good combo
  1748 | D:5      | JacquesDerrida: b-but where is duvessa
  1767 | D:5      | Killed Pikel
  1767 | D:5      | Reached skill level 5 in Conjurations
  1767 | D:5      | Reached skill level 5 in Fire Magic
  1767 | D:5      | Reached XP level 7. HP: 46/46 MP: 8/15
  1770 | D:5      | Turgon: I've got mana shield too
  1784 | D:5      | Turgon: Should be good on lev-2 or -3
  1822 | D:5      | Acquired Sif Muna's second power
  1824 | D:5      | JacquesDerrida: especially with sif
  1826 | D:5      | Reached skill level 5 in Invocations
  1827 | D:5      | Gained mutation: You are mostly covered in sharp spines. [demonic ancestry]
  1827 | D:5      | Reached XP level 8. HP: 31/52 MP: 3/17
  1834 | D:5      | Turgon: Sure?
  1877 | D:6      | Turgon: I wanted to go with Veh but only Sif is in the temple
  1902 | D:6      | Learned a level 5 spell: Fireball
  1950 | D:6      | JacquesDerrida: at least it will give some tactical choice
  1959 | D:6      | Turgon: Staff fire, congrats!
  1969 | D:6      | JacquesDerrida: like channeling around corners
  2006 | D:7      | Turgon: I never played a Ds nuker
  2011 | D:7      | Noticed Edmund
  2020 | D:7      | Killed Edmund
  2021 | D:7      | Turgon: (ok, some starts today)
  2056 | D:7      | JacquesDerrida: yeah their mutations seem to be more melee oriented
  2085 | D:7      | Turgon: More UC-orientated I think
  2098 | D:7      | Turgon: I mostly went UC with Ds
  2124 | D:7      | Reached skill level 6 in Invocations
  2197 | D:7      | JacquesDerrida: well demonic guardians are sure very caster-friendly
  2288 | D:8      | Found Gequamul's Magic Scroll Shop.
  2414 | D:8      | Bought a scroll of teleportation for 39 gold pieces
  2414 | D:8      | Bought a scroll of recharging for 71 gold pieces
  2414 | D:8      | Bought a scroll of curse weapon for 26 gold pieces
  2414 | D:8      | Bought a scroll of identify for 26 gold pieces
  2424 | D:8      | Reached skill level 7 in Invocations
  2590 | D:9      | Found a blossoming altar of Fedhas.
  2590 | D:9      | Found a glowing silver altar of Zin.
  2594 | D:9      | Noticed a troll
  2601 | D:9      | Killed a troll
  2601 | D:9      | Reached skill level 8 in Invocations
  2601 | D:9      | Gained mutation: You are partially covered in icy blue scales (AC +1). [demonic ancestry]
  2601 | D:9      | Reached XP level 9. HP: 41/57 MP: 13/21
  3023 | D:9      | Reached skill level 5 in Spellcasting
  3034 | D:9      | 4tharraofdagon: lets hope its not distortion
  3047 | D:9      | Reached skill level 9 in Invocations
  3095 | D:10     | Entered Level 10 of the Dungeon
  3155 | D:11     | Noticed a cyclops
  3332 | D:10     | Noticed a hill giant
  3344 | D:10     | Mangled by a hill giant

Action                   |  1- 3 |  4- 6 |  7- 9 || total
-------------------------+-------+-------+-------++-------
Melee: Mace              |    49 |    62 |     5 ||   116
       Staff             |       |       |    20 ||    20
Throw: Dart              |       |    14 |     1 ||    15
 Cast: Flame Tongue      |    11 |    50 |    57 ||   118
       Conjure Flame     |       |     4 |    21 ||    25
       Sticky Flame      |       |     5 |    26 ||    31
       Fireball          |       |       |     6 ||     6
Invok: Channel Energy    |       |     4 |    67 ||    71
  Use: Scroll            |       |     4 |    10 ||    14
       Potion            |       |     1 |     1 ||     2
 Stab: Sleeping          |     5 |     1 |       ||     6
